GCL
DETROIT (GCL) TIGERS @ PHILADELPHIA (GCL) PHILLIES
08/31/2098
 
TOP OF THE 1ST
Detroit (GCL) Tigers batting - Pitching for Philadelphia (GCL) Phillies : RHP Tony Jimenez
Pitching: RHP Tony Jimenez
Batting: LHB Brent Lewis 0-0: Called Strike
0-1: Called Strike
0-2: Ball
1-2: Ball
2-2: Strikes out swinging
Batting: RHB Nick Sciara 0-0: Called Strike
0-1: Ball
1-1: Foul Ball, location: 3SF
1-2: Strikes out swinging
Batting: RHB Jeff Gibbs 0-0: Ball
1-0: Ball
2-0: Called Strike
2-1: Fly out, F4 (Popup, 34S, EV 76.3 MPH)
Top of the 1st over - 0 runs, 0 hits, 0 errors, 0 left on base; Detroit (GCL) 0 - Philadelphia (GCL) 0
BOTTOM OF THE 1ST
Philadelphia (GCL) Phillies batting - Pitching for Detroit (GCL) Tigers : RHP Jim Unknown
Pitching: RHP Jim Unknown
Batting: RHB Sam Kilpatrick 0-0: Called Strike
0-1: Swinging Strike
0-2: Foul Ball, location: 2RF
0-2: Foul Ball, location: 2LF
0-2: Foul Ball, location: 9LMF
0-2: Foul Ball, location: 3FF
0-2: Strikes out looking
Batting: LHB Willie Contreras 0-0: Called Strike
0-1: Ground out U3 (Groundball, 34S, EV 84.4 MPH)
Batting: RHB Kevin Mizerak 0-0: Ball
1-0: Ball
2-0: Foul Ball, location: 2F
2-1: Foul Ball, location: 9LDF
2-2: Strikes out swinging
Bottom of the 1st over - 0 runs, 0 hits, 0 errors, 0 left on base; Detroit (GCL) 0 - Philadelphia (GCL) 0
TOP OF THE 2ND
Detroit (GCL) Tigers batting - Pitching for Philadelphia (GCL) Phillies : RHP Tony Jimenez
Batting: LHB Rob Thomas 0-0: Ball
1-0: Foul Ball, location: 3F
1-1: Ball
2-1: Swinging Strike
2-2: Strikes out swinging
Batting: RHB Joe Roy 0-0: Ground out 6-3 (Groundball, 56, EV 105.6 MPH)
Batting: RHB Chris Boley 0-0: Called Strike
0-1: Called Strike
0-2: Strikes out swinging
Top of the 2nd over - 0 runs, 0 hits, 0 errors, 0 left on base; Detroit (GCL) 0 - Philadelphia (GCL) 0
BOTTOM OF THE 2ND
Philadelphia (GCL) Phillies batting - Pitching for Detroit (GCL) Tigers : RHP Jim Unknown
Batting: LHB Steve Lennon 0-0: Ball
1-0: Called Strike
1-1: Ball
2-1: Fly out, F6 (Line Drive, 6, EV 69.4 MPH)
Batting: LHB Steve Dukich 0-0: SINGLE (Groundball, 4, EV 88.1 MPH)
Batting: RHB Jason Tuberville 0-0: Foul Ball, location: 2F
0-1: Ball
1-1: SINGLE (Line Drive, 7S, EV 95.6 MPH)
Steve Dukich to second
Batting: RHB Carlos Garcia 0-0: Ball
1-0: Swinging Strike
1-1: Ball
2-1: DOUBLE (Line Drive, 7LM, EV 101.3 MPH)
Steve Dukich scores
Jason Tuberville to third
Runner from 3rd tries for Home, SAFE, throw by LF to trailing runner, SAFE at third!
Batting: RHB Sal Torres 0-0: Ground out 5-3 (Groundball, 56, EV 108.8 MPH)
Batting: LHB Jesus Saenz 0-0: Ball
1-0: Foul Ball, location: 2F
1-1: Fly out, F8 (Flyball, 8RD, EV 107.5 MPH)
Bottom of the 2nd over - 2 runs, 3 hits, 0 errors, 1 left on base; Detroit (GCL) 0 - Philadelphia (GCL) 2
TOP OF THE 3RD
Detroit (GCL) Tigers batting - Pitching for Philadelphia (GCL) Phillies : RHP Tony Jimenez
Batting: RHB Gabriel Romero 0-0: Called Strike
0-1: Ball
1-1: Ball
2-1: Foul Ball, location: 3DF
2-2: Ball
3-2: Fly out, F8 (Flyball, 89M, EV 78.1 MPH)
Batting: LHB Moises Lara 0-0: Called Strike
0-1: Ground out 6-3 (Groundball, 6, EV 89.4 MPH)
Batting: RHB Zach Tobin 0-0: Fly out, F7 (Line Drive, 7, EV 90.6 MPH)
Top of the 3rd over - 0 runs, 0 hits, 0 errors, 0 left on base; Detroit (GCL) 0 - Philadelphia (GCL) 2
BOTTOM OF THE 3RD
Philadelphia (GCL) Phillies batting - Pitching for Detroit (GCL) Tigers : RHP Jim Unknown
Batting: RHB Sam Kilpatrick 0-0: Ball
1-0: Ball
2-0: DOUBLE (Flyball, 78XD, EV 111.3 MPH)
Batting: LHB Willie Contreras 0-0: Ball
1-0: Called Strike
1-1: Ball
2-1: Swinging Strike
2-2: Ball
3-2: Base on Balls
Batting: RHB Kevin Mizerak 0-0: Fly out, F8 (Flyball, 8LS, EV 91.3 MPH)
Batting: LHB Steve Lennon 0-0: Ball
1-0: Foul Ball, location: 2F
1-1: Called Strike
1-2: Ball
2-2: Fly out, F9 (Line Drive, 89M, EV 106.9 MPH)
Batting: LHB Steve Dukich 0-0: Called Strike
0-1: Ball
1-1: Swinging Strike
1-2: Foul Ball, location: 2F
1-2: Foul Ball, location: 3F
1-2: Ball
2-2: Foul Ball, location: 7LSF
2-2: Ground out 6-3 (Groundball, 6MD, EV 96.9 MPH)
Bottom of the 3rd over - 0 runs, 1 hit, 0 errors, 2 left on base; Detroit (GCL) 0 - Philadelphia (GCL) 2
TOP OF THE 4TH
Detroit (GCL) Tigers batting - Pitching for Philadelphia (GCL) Phillies : RHP Tony Jimenez
Batting: LHB Brent Lewis 0-0: Swinging Strike
0-1: Fly out, F7 (Flyball, 78S, EV 89.4 MPH)
Batting: RHB Nick Sciara 0-0: Ball
1-0: Ground out 6-3 (Groundball, 4M, EV 101.9 MPH)
Batting: RHB Jeff Gibbs 0-0: Fly out, F8 (Flyball, 89M, EV 86.3 MPH)
Top of the 4th over - 0 runs, 0 hits, 0 errors, 0 left on base; Detroit (GCL) 0 - Philadelphia (GCL) 2
BOTTOM OF THE 4TH
Philadelphia (GCL) Phillies batting - Pitching for Detroit (GCL) Tigers : RHP Jim Unknown
Batting: RHB Jason Tuberville 0-0: Called Strike
0-1: Ball
1-1: Ground out 6-3 (Groundball, 6, EV 88.8 MPH)
Batting: RHB Carlos Garcia 0-0: Called Strike
0-1: SINGLE (Line Drive, 78S, EV 91.9 MPH)
Batting: RHB Sal Torres 0-0: Ball
1-0: Swinging Strike
1-1: Swinging Strike
1-2: Ball
2-2: Ball
3-2: Foul Ball, location: 2F
3-2: Fly out, F9 (Flyball, 9, EV 94.4 MPH)
Batting: LHB Jesus Saenz 0-0: SINGLE (Line Drive, 9LS, EV 91.9 MPH)
Carlos Garcia to second
Runner from 2nd tries for 3rd, SAFE, no throw by RF
Batting: RHB Sam Kilpatrick 0-0: Called Strike
0-1: Ball
1-1: Foul Ball, location: 23FF
1-2: Fielders Choice at 2nd, 6-4 (Groundball, 6, EV 78.8 MPH)
Bottom of the 4th over - 0 runs, 2 hits, 0 errors, 2 left on base; Detroit (GCL) 0 - Philadelphia (GCL) 2
TOP OF THE 5TH
Detroit (GCL) Tigers batting - Pitching for Philadelphia (GCL) Phillies : RHP Tony Jimenez
Batting: LHB Rob Thomas 0-0: Ball
1-0: Swinging Strike
1-1: Ball
2-1: Foul Ball, location: 2F
2-2: Strikes out swinging
Batting: RHB Joe Roy 0-0: SINGLE (Flyball, 9S, EV 96.9 MPH)
Batting: RHB Chris Boley 0-0: Called Strike
0-1: Foul Ball, location: 5SF
0-2: Foul Ball, location: 7LMF
0-2: Ball
1-2: Ball
2-2: Grounds into double play, 4-6-3 (Groundball, 4M, EV 83.1 MPH)
Top of the 5th over - 0 runs, 1 hit, 0 errors, 0 left on base; Detroit (GCL) 0 - Philadelphia (GCL) 2
BOTTOM OF THE 5TH
Philadelphia (GCL) Phillies batting - Pitching for Detroit (GCL) Tigers : RHP Jim Unknown
Batting: LHB Willie Contreras 0-0: Ball
1-0: Foul Ball, location: 2F
1-1: Foul Ball, location: 2F
1-2: Fly out, F6 (Popup, 6MD, EV 68.8 MPH)
Batting: RHB Kevin Mizerak 0-0: Ball
1-0: Foul Ball, location: 25F
1-1: SINGLE (Groundball, 6D, EV 98.8 MPH)
Batting: LHB Steve Lennon 0-0: Ball
1-0: Called Strike
1-1: Foul Ball, location: 2F
1-2: 2-RUN HOME RUN (Flyball, 7D, EV 97.5 MPH), Distance : 378 ft
Batting: LHB Steve Dukich 0-0: Called Strike
0-1: Ball
1-1: Ground out 4-3 (Groundball, 4M, EV 87.5 MPH)
Pitching: LHP Jim Unknown
Batting: RHB Jason Tuberville 0-0: Called Strike
0-1: SINGLE (Groundball, 34D, EV 101.3 MPH)
Batting: RHB Carlos Garcia 0-0: 2-RUN HOME RUN (Flyball, 89XD, EV 101.9 MPH), Distance : 396 ft
Batting: RHB Sal Torres 0-0: Ball
1-0: Fly out, F3 (Line Drive, 3L, EV 70.6 MPH)
Bottom of the 5th over - 4 runs, 4 hits, 0 errors, 0 left on base; Detroit (GCL) 0 - Philadelphia (GCL) 6
TOP OF THE 6TH
Detroit (GCL) Tigers batting - Pitching for Philadelphia (GCL) Phillies : RHP Tony Jimenez
Batting: RHB Gabriel Romero 0-0: SINGLE (Groundball, 34D, EV 97.5 MPH)
Batting: LHB Moises Lara 0-0: Ball
1-0: Ball
2-0: Ball
3-0: Called Strike
3-1: Called Strike
3-2: Base on Balls
Gabriel Romero to second
Batting: RHB Zach Tobin 0-0: Ball
1-0: Ball
2-0: Foul Ball, location: 2RF
2-1: Ball
3-1: Base on Balls
Gabriel Romero to third
Moises Lara to second
Batting: LHB Brent Lewis 0-0: Ball
1-0: Called Strike
1-1: Ball
2-1: Foul Ball, location: 3F
2-2: Grounds into fielders choice 6-2 (Groundball, 6M, EV 85.6 MPH)
Moises Lara to third
Zach Tobin to second
Batting: RHB Nick Sciara 0-0: Ball
1-0: Called Strike
1-1: Ball
2-1: Foul Ball, location: 2F
2-2: Strikes out swinging
Batting: RHB Jeff Gibbs 0-0: Called Strike
0-1: Ball
1-1: Swinging Strike
1-2: Ball
2-2: Fly out, F8 (Flyball, 8LXD, EV 88.1 MPH)
Top of the 6th over - 0 runs, 1 hit, 0 errors, 3 left on base; Detroit (GCL) 0 - Philadelphia (GCL) 6
BOTTOM OF THE 6TH
Philadelphia (GCL) Phillies batting - Pitching for Detroit (GCL) Tigers : LHP Jim Unknown
Batting: LHB Jesus Saenz 0-0: Called Strike
0-1: SINGLE (Line Drive, 34, EV 104.4 MPH)
Batting: RHB Sam Kilpatrick 0-0: Foul Ball, location: 2F
0-1: Ball
1-1: Ball
Pickoff Throw by Catcher to First - Error! E2
Jesus Saenz to second
2-1: Fly out, F8 (Line Drive, 8LM, EV 94.4 MPH)
Batting: LHB Willie Contreras 0-0: Ball
1-0: Foul Ball, location: 7LMF
1-1: Called Strike
1-2: Ball
2-2: Ground out 5-3 (Groundball, 56S, EV 91.3 MPH)
Batting: RHB Kevin Mizerak 0-0: Fly out, F7 (Flyball, 7D, EV 100.0 MPH)
Bottom of the 6th over - 0 runs, 1 hit, 1 error, 1 left on base; Detroit (GCL) 0 - Philadelphia (GCL) 6
TOP OF THE 7TH
Detroit (GCL) Tigers batting - Pitching for Philadelphia (GCL) Phillies : RHP Tony Jimenez
Batting: LHB Rob Thomas 0-0: Called Strike
0-1: Called Strike
0-2: Strikes out swinging
Batting: RHB Joe Roy 0-0: Ball
1-0: Swinging Strike
1-1: Ball
2-1: Ball
3-1: Fly out, F3 (Popup, 3, EV 64.4 MPH)
Batting: RHB Chris Boley 0-0: Fly out, F7 (Flyball, 78M, EV 83.8 MPH)
Top of the 7th over - 0 runs, 0 hits, 0 errors, 0 left on base; Detroit (GCL) 0 - Philadelphia (GCL) 6
BOTTOM OF THE 7TH
Philadelphia (GCL) Phillies batting - Pitching for Detroit (GCL) Tigers : LHP Jim Unknown
Batting: LHB Steve Lennon 0-0: Ball
1-0: Ball
2-0: Swinging Strike
2-1: Foul Ball, location: 23FF
2-2: SINGLE (Line Drive, 5D, EV 101.3 MPH)
Batting: RHB Juan Cruz 0-0: SINGLE (Line Drive, 89S, EV 85.6 MPH)
Steve Lennon to second
Runner from 2nd tries for 3rd, SAFE, no throw by CF
Batting: RHB Jason Tuberville 0-0: Ball
1-0: Called Strike
1-1: Ground out 5-3 (Groundball, 5L, EV 107.5 MPH)
Steve Lennon scores
Juan Cruz to second
Batting: RHB Carlos Garcia 0-0: Ball
1-0: Ball
2-0: Ball
3-0: Called Strike
3-1: Called Strike
3-2: Foul Ball, location: 9LSF
3-2: Strikes out looking
Pinch Hitting: RHB Matt Lofton 0-0: Ball
1-0: Fly out, F7 (Flyball, 7S, EV 83.1 MPH)
Bottom of the 7th over - 1 run, 2 hits, 0 errors, 1 left on base; Detroit (GCL) 0 - Philadelphia (GCL) 7
TOP OF THE 8TH
Detroit (GCL) Tigers batting - Pitching for Philadelphia (GCL) Phillies : RHP Tony Jimenez
Pitching: RHP Corey Lutz
Now at 3B: Matt Lofton
Pinch Hitting: RHB Chris Bates 0-0: Ball
1-0: Ball
2-0: Swinging Strike
2-1: Swinging Strike
2-2: Strikes out swinging
Pinch Hitting: RHB Ben Staff 0-0: Called Strike
0-1: Ground out 6-3 (Groundball, 6, EV 103.1 MPH)
Batting: RHB Mike Walters 0-0: Ball
1-0: Ball
2-0: Called Strike
2-1: Swinging Strike
2-2: Strikes out swinging passed ball, reaches first!
Pinch Hitting: LHB Angel Pena 0-0: Ball
1-0: Ball
2-0: Ground out 4-3 (Groundball, 4, EV 82.5 MPH)
Top of the 8th over - 0 runs, 0 hits, 0 errors, 1 left on base; Detroit (GCL) 0 - Philadelphia (GCL) 7
BOTTOM OF THE 8TH
Philadelphia (GCL) Phillies batting - Pitching for Detroit (GCL) Tigers : LHP Jim Unknown
Pitching: RHP Jim Unknown
Now at SS: Ivan Canas
Now in LF: Ben Staff
Now in CF: Angel Pena
Batting: LHB Jesus Saenz 0-0: Swinging Strike
0-1: Ball
1-1: Ball
2-1: Called Strike
2-2: Fly out, F6 (Popup, 6M, EV 73.8 MPH)
Pinch Hitting: LHB Jose Ortiz 0-0: Called Strike
0-1: Ball
1-1: Ball
2-1: Ground out 5-3 (Groundball, 5S, EV 83.8 MPH)
Pinch Hitting: RHB Terry Jackson 0-0: Ball
1-0: Ball
2-0: Foul Ball, location: 2F
2-1: Ground out 4-3 (Groundball, 4, EV 78.1 MPH)
Bottom of the 8th over - 0 runs, 0 hits, 0 errors, 0 left on base; Detroit (GCL) 0 - Philadelphia (GCL) 7
TOP OF THE 9TH
Detroit (GCL) Tigers batting - Pitching for Philadelphia (GCL) Phillies : RHP Corey Lutz
Now at 1B: Jose Ortiz
Now in CF: Jason Barton
Pinch Hitting: SHB Jason Diggs 0-0: Ball
1-0: SINGLE (Flyball, 6D, EV 94.4 MPH)
Pinch Hitting: RHB Edwin Arevalo 0-0: Ball
1-0: Ball
2-0: Grounds into double play, 5-4-3 (Groundball, 5, EV 92.5 MPH)
Pinch Hitting: RHB Monty Eggert 0-0: Ball
1-0: Swinging Strike
1-1: Called Strike
1-2: Strikes out looking
Top of the 9th over - 0 runs, 1 hit, 0 errors, 0 left on base; Detroit (GCL) 0 - Philadelphia (GCL) 7
Sunday, April 14th , 2024 - OOTP Baseball 24.11 Build 85